 Dungeon Sprint DCSS version 0.32-a0-401-g0bcb2a7693 (webtiles) character file.

Game seed: 7821245467543985118

141 Conn the Magician (level 5, -4/31 HPs)
             Began as an Octopode Fire Elementalist on Feb 20, 2024.
             Was a Follower of Sif Muna.
             Slain by a vault warden
             ... wielding a +0 long sword
              (35 damage)
             ... in the Dungeon (Sprint V: "Ziggurat Sprint").
             The game lasted 00:02:58 (177 turns).

Conn the Magician (Octopode Fire Elementalist)       Turns: 177, Time: 00:02:59

Health: -4/31      AC:  1    Str: 20    XL:     5   Next: 24%
Magic:  10/15      EV: 15    Int: 31    God:    Sif Muna [*.....]
Gold:   0          SH:  0    Dex: 24    Spells: 9/19 levels left

rFire   . . .        C - +27 heavy crossbow "Sniper" {heavy, Acc+∞ SInv}
rCold   . . .        (shield currently unavailable)
rNeg    . . .        (helmet restricted)
rPois   .            (no amulet)
rElec   .            r - ring of flight
rCorr   .            s - +6 ring of dexterity
SInv    +            t - +6 ring of dexterity
Will    .....        u - +6 ring of intelligence
Stlth   ++++         v - +6 ring of intelligence
HPRegen 0.25/turn    w - +6 ring of strength
MPRegen 0.14/turn    x - +6 ring of strength
                     (no ring)

%: no teleportation
@: brilliant, flying, hasted, very quick
A: almost no armour, amphibious, 8 rings, camouflage 1, gelatinous body 1,
(nimble swimmer 1), tentacles
a: Renounce Religion, Channel Magic


You were in the Dungeon.
You worshipped Sif Muna.
Sif Muna was aware of your devotion.
You visited 1 branch

Inventory:

Hand Weapons
 y - the +6 Majin-Bo {spellvamp, MP+6 Int+6}
   (You found it in the Dungeon)

   Int+6:     It affects your intelligence (+6).
   MP+6:      It affects your magic capacity (+6).
 A - the +7 great mace "Firestarter" {flame, immolate, rFlCloud rF++}
   (You found it in the Dungeon)

   rFlCloud:  It grants immunity to clouds of flame.
   rF++:      It greatly protects you from fire.
 B - the +8 lance "Wyrmbane" {slay drac, rPois rF+ rC+ AC+3}
   (You found it in the Dungeon)

   AC+3:      It affects your AC (+3).
   rF+:       It protects you from fire.
   rC+:       It protects you from cold.
   rPois:     It protects you from poison
 C - the +27 heavy crossbow "Sniper" (weapon) {heavy, Acc+∞ SInv}
   (You found it in the Dungeon)

   Acc+∞: It never misses its target.
   SInv:      It lets you see invisible.
Armour
 z - the +18 shield of the Gong {Loud rN+ Will+ rCorr EV-5}
   (You found it in the Dungeon)

   Loud:      It is deafeningly noisy when blocking attacks.
   EV-5:      It affects your evasion (-5).
   rN+:       It protects you from negative energy.
   Will+:     It increases your willpower.
   rCorr:     It protects you from acid and corrosion.
Jewellery
 r - a ring of flight (left tentacle)
 s - a +6 ring of dexterity (right tentacle)
 t - a +6 ring of dexterity (on tentacle)
 u - a +6 ring of intelligence (on tentacle)
 v - a +6 ring of intelligence (on tentacle)
 w - a +6 ring of strength (on tentacle)
 x - a +6 ring of strength (on tentacle)
Wands
 p - a wand of mindburst (7)
 q - a wand of quicksilver (6)
Scrolls
 f - 4 scrolls of blinking
 g - 4 scrolls of amnesia
 h - 7 scrolls of fog
 i - 5 scrolls of identify
 j - 2 scrolls of fear
Potions
 a - 8 potions of magic
 b - 10 potions of curing
 c - 10 potions of heal wounds
 d - 5 potions of haste
 e - 3 potions of berserk rage
 k - a potion of brilliance
 l - 2 potions of invisibility
 m - 4 potions of resistance
 o - 5 potions of might


   Skills:
 - Level 0.2 Fighting
 + Level 1.2 Ranged Weapons
 + Level 3.3 Dodging
 + Level 4.5 Stealth
 * Level 0.0 Shields
 * Level 7.6 Spellcasting
 * Level 7.3 Conjurations
 + Level 6.5 Fire Magic
 * Level 0.0 Invocations


You had 9 spell levels left.
You knew the following spells:

 Your Spells              Type           Power      Damage    Failure   Level
a - Foxfire               Conj/Fire      100%       2x1d9     1%          1
b - Scorch                Fire           100%       2d9       1%          2
c - Inner Flame           Hex/Fire       47%        N/A       3%          3
d - Flame Wave            Conj/Fire      70%        2d16      2%          4

Your spell library contained the following spells:

 Spells                   Type           Power      Damage    Failure   Level
 Magic Dart               Conj           100%       1d8       1%          1
 Dazzling Flash           Conj/Hex       100%       N/A       2%          3
 Volatile Blastmotes      Fire/Tloc      94%        2d17      3%          3
 Blink                    Tloc           34%        N/A       6%          2
 Call Imp                 Summ           34%        N/A       6%          2
 Starburst                Conj/Fire      35%        6d10      36%         6
 Maxwell's Capacitive Co  Air            8%         ∞         100%        8


Dungeon Overview and Level Annotations

Branches:
Dungeon (1/1)

Altars:
Ashenzari
Cheibriados
Dithmenos
Elyvilon
Fedhas
Gozag
Hepliaklqana
Kikubaaqudgha
Makhleb
Nemelex Xobeh
Okawaru
Qazlal
Ru
Sif Muna
Trog
Uskayaw
Vehumet
Wu Jian
Xom
Yredelemnul
Zin
The Shining One
Beogh
Jiyva
Lugonu

Annotations:
D 1 transporter


Innate Abilities, Weirdness & Mutations

You cannot wear most types of armour.
You are amphibious.
You can wear up to eight rings at the same time.
Your skin changes colour to match your surroundings (Stealth+).
Your rubbery body absorbs attacks. (AC +1, EV +1)
((You are camouflaged when in or above water. (Stealth+)))
You have tentacles for arms and can constrict up to eight enemies at once.


Message History

Unknown command.
Okay, then.
You feel clever all of a sudden.
Aiming: Quicksilver Bolt
Press: ? - help, Shift-Dir - straight line The bolt of dispelling energy hits the vault warden!
The vault warden is lightly wounded.
The bolt of dispelling energy hits the ironbound preserver!
The ironbound preserver is lightly wounded.
The ironbound preserver shouts!
The bolt of dispelling energy hits the great orb of eyes!
The great orb of eyes is lightly wounded.
The great orb of eyes turns its gaze towards you.
Unknown command.
Casting: Foxfire (safe; 1% risk of failure)
Confirm with . or Enter, or press ? or * to list all spells.
Okay, then.
Unknown command.
Fire: C) +27 heavy crossbow "Sniper" {heavy, Acc+∞ SInv}
Press: ? - help, Q - select action, (/) - cycle Shift-Dir - straight line, f - vault warden
Aim: a vault warden, wielding a +0 long sword, wearing a +0 plate armour and wearing a +0 kite shield (lightly wounded, 100% to hit)
Okay, then.
You feel more experienced!
Your Spellcasting skill gained 4 levels and is now at level 7!
Your Conjurations skill gained 6 levels and is now at level 7!
You have reached level 5!
You feel stronger.
Casting: Foxfire (safe; 1% risk of failure)
Confirm with . or Enter, or press ? or * to list all spells.
Okay, then.
Unknown command.
Casting: Foxfire (safe; 1% risk of failure)
Confirm with . or Enter, or press ? or * to list all spells.
Okay, then.
Unknown command.
Okay, then.
You feel yourself speed up.
The vault warden hits you with a +0 long sword!!
Ouch! That really hurt!
You die...

▓▓▓▓▓▓▓▓▓▓▓▓▓
▓.ß©ß.▓.ß©ß.▓
▓.:}:.▓.....▓
▓.....▓.....▓
▓.....▓.....▓
▓..pG.▓.....▓
▓..p..▓..©..▓
▓..@..▓▓▓▓▓▓▓
▓▓▓▓▓▓▓


You could see an ironbound preserver, a vault warden and a great orb of eyes.

Vanquished Creatures
  2 crimson imps (D)
2 creatures vanquished.

Notes
Turn   | Place    | Note
-------+----------+-------------------------------------------
     0 | D        | Conn the Octopode Fire Elementalist began the quest for the
                  | Orb.
     0 | D        | Reached XP level 1. HP: 11/11 MP: 3/3
     2 | D        | Found a blossoming altar of Fedhas.
     2 | D        | Found the +6 Majin-Bo {spellvamp, MP+6 Int+6}
     2 | D        | Found the +27 heavy crossbow "Sniper" {heavy, Acc+∞ SInv}
     2 | D        | Found the +10 dark maul {heavy}
     2 | D        | Found the +15 Maxwell's patent armour {-Cast -Tele rElec
                  | Will+ rCorr}
     2 | D        | Found the +18 shield of the Gong {Loud rN+ Will+ rCorr
                  | EV-5}
     2 | D        | Found the +16 obsidian axe {drain, demonic, Mesm ^Drain Fly
                  | SInv}
     2 | D        | Found the +7 great mace "Firestarter" {flame, immolate,
                  | rFlCloud rF++}
     2 | D        | Found the +6 shillelagh "Devastator" {shatter}
     2 | D        | Found the +11 plutonium sword {^Contam Stlth-}
     2 | D        | Found the +8 lance "Wyrmbane" {slay drac, rPois rF+ rC+
                  | AC+3}
     2 | D        | Found the +9 sword of Zonguldrok {reap}
     2 | D        | Found the +13 scythe of Curses {drain, curses, ^Drain}
     2 | D        | Found the +9 sword of Power {lifebolt}
     2 | D        | Found the +7 mace of Variability {chaos, chaos arc}
     2 | D        | Found the +11 Singing Sword {sonic wave}
     2 | D        | Found the +8 storm bow {elec, penet}
     3 | D        | Found a viscous altar of Jiyva.
     3 | D        | Found a hazy altar of Hepliaklqana.
     3 | D        | Found a transporter.
     3 | D        | Found an opulent altar of Gozag.
     3 | D        | Found an ancient bone altar of Kikubaaqudgha.
     3 | D        | Found a corrupted altar of Lugonu.
    14 | D        | Found a burning altar of Makhleb.
    16 | D        | Found a sacrificial altar of Ru.
    16 | D        | Found a shimmering blue altar of Sif Muna.
    16 | D        | Found a stormy altar of Qazlal.
    16 | D        | Found a bloodstained altar of Trog.
    16 | D        | Found an iron altar of Okawaru.
    16 | D        | Found a sparkling altar of Nemelex Xobeh.
    43 | D        | Became a worshipper of Sif Muna the Loreminder
   126 | D        | Entered arena 2.
   126 | D        | Noticed a crimson imp
   126 | D        | Noticed a crimson imp
   126 | D        | Found a transporter.
   128 | D        | Killed a crimson imp
   129 | D        | Reached skill level 5 in Fire Magic
   129 | D        | Reached XP level 2. HP: 17/17 MP: 4/6
   129 | D        | Reached XP level 3. HP: 21/21 MP: 4/7
   129 | D        | Reached * piety under Sif Muna
   130 | D        | Reached skill level 1 in Ranged Weapons
   130 | D        | Reached XP level 4. HP: 27/27 MP: 4/9
   140 | D        | Learned a level 2 spell: Scorch
   144 | D        | Learned a level 3 spell: Inner Flame
   149 | D        | Learned a level 4 spell: Flame Wave
   173 | D        | Entered arena 3.
   173 | D        | Noticed a vault warden
   173 | D        | Noticed a great orb of eyes
   173 | D        | Noticed an ironbound preserver
   173 | D        | Found a transporter.
   176 | D        | Reached XP level 5. HP: 31/31 MP: 10/15
   177 | D        | Slain by a vault warden

Illustrated notes

Levels and vault maps discovered:
D:        sprint_v [room_start, room_1, room_2, room_3, room_4, room_5, room_6,
          room_7, room_8, room_9, room_10, room_11, room_12, room_13, room_14,
          room_15, room_16, room_17, room_18, room_19, room_20, room_21,
          room_22, room_23, room_24, room_25, room_26, room_27]

Skill      XL: |  1  2  3  4 |
---------------+-------------+-----
Stealth        | 4 |  4.5
Spellcasting   | 3 7 |  7.6
Fire Magic     | 5 6 |  6.5
Ranged Weapons | 1 |  1.2
Dodging        | 3 |  3.3
Conjurations   | 7 |  7.3
Fighting       | |  0.2

Action                     |  1- 3 |  4- 6 || total
---------------------------+-------+-------++-------
   Fire: Heavy crossbow    |     2 |       ||     2
  Evoke: Wand              |       |     1 ||     1
    Use: Potion            |       |     3 ||     3
 Armour: Skin              |       |     1 ||     1

Table legend: (Time is in decaauts)
 A = Elapsed time spent in this place.
 B = Non-inter-level travel time spent in this place.
 C = Inter-level travel time spent in this place.
 D = Time resting spent in this place.
 E = Time spent auto-exploring this place.
 F = Levels seen in this place.
 G = Mean time per level.
                   A        B        C        D        E       F      G
               +--------+--------+--------+--------+--------+-----+--------+
         Total |    177 |    177 |      0 |     72 |      0 |   1 |  177.0 |
       Dungeon |    177 |    177 |      0 |     72 |      0 |   1 |  177.0 |
               +--------+--------+--------+--------+--------+-----+--------+

Top non-repeatable levels by time:
       D: 177 daAuts
